Map: King's Cove LE

Players

SoulSpirit

  • Race: Zerg Zerg
  • Spawn Location: 11:00

Ziggy - Winner!

  • Race: Terran Terran
  • League: Grandmaster
  • Spawn Location: 5:00

Event: 2019 WCS Winter Europe

VOD

Have the link to the VOD?

Description

Time

  • Played on: Feb. 9, 2019, 10:41 a.m.
  • Length: 19:52

All games in this series

Show
View Real Time Build Order
Export as new Build Order

SoulSpirit Zerg 

Build Orders: Hatch First 

Get SALT Encoding   

  12  0:00  Drone  
  13  0:12  Overlord  
  13  0:18  Drone  
  14  0:30  Drone x2  
  16  0:36  Drone  
  17  0:53  Hatchery  
  17  0:56  Drone  
  17  0:59  Drone  
  18  1:10  Extractor  
  17  1:14  Spawning Pool  
  17  1:17  Drone  
  17  1:20  Drone  
  18  1:28  Drone  
  19  1:42  Drone  
  20  1:49  Overlord  
  20  2:01  Queen  
  22  2:05  Queen  
  22  2:06  Zergling x4  
  26  2:13  Roach Warren  
  25  2:16  Zergling x2  
  25  2:22  Drone x2  
  28  2:29  Spore Crawler  
  27  2:34  Spore Crawler  
  28  2:47  Drone  
  28  2:49  Overlord  
  29  2:53  Roach x3  
  34  3:08  Roach  
  34  3:09  Queen, Drone x2  
  40  3:16  Ravager x2  
  40  3:18  Drone  
  40  3:19  Drone  
  43  3:24  Overlord  
  43  3:42  Drone x2  
  43  3:43  Overlord  
  43  3:47  Roach  
  47  3:48  Drone x2  
  51  3:55  Drone x2  
  51  3:56  Overlord  
  51  4:02  Ravager  
  52  4:03  Roach x2  
  52  4:09  Extractor  
  55  4:15  Roach  
  55  4:16  Drone x2  
  55  4:17  Drone x2  
  61  4:29  Drone x2  
  63  4:33  Overlord, Drone x2  
  63  4:35  Roach  
  63  4:38  Overlord  
  67  4:43  Extractor  
  66  4:53  Roach x2  
  66  4:54  Roach x2  
  66  4:59  Ravager  
  75  5:01  Drone  
  76  5:09  Overlord  
  76  5:13  Roach x2  
  80  5:19  Hatchery  
  79  5:23  Evolution Chamber  
  79  5:25  Queen  
  80  5:30  Roach x3  
  82  5:44  Roach x3  
  86  5:52  Roach x2  
  86  5:55  Hatchery  
  86  5:56  Zerg Ground Armor Level 1  
  89  5:59  Overlord  
  89  6:11  Lair  
  89  6:12  Drone x2  
  91  6:24  Ravager  
  91  6:25  Roach x2  
  94  6:42  Roach x2  
  98  6:58  Metabolic Boost  
  98  7:04  Queen  
  98  7:06  Ravager  
  98  7:07  Ravager  
  102  7:08  Roach  
  102  7:10  Drone x3  
  102  7:12  Overlord x2  
  102  7:14  Overlord  
  105  7:19  Overlord  
  105  7:21  Glial Reconstitution  
  105  7:30  Queen  
  105  7:31  Drone x6  
  105  7:33  Drone  
  105  7:35  Ravager  
  115  7:39  Queen  
  115  7:43  Roach x4  
  118  7:54  Zerg Missile Weapons Level 1  
  118  7:55  Drone  
  118  7:57  Drone x4  
  118  7:58  Evolution Chamber, Drone x4  
  126  8:07  Ravager  
  126  8:10  Extractor  
  126  8:11  Roach x3, Extractor  
  131  8:19  Extractor, Drone x3  
  133  8:26  Roach x2  
  137  8:37  Overlord x4  
  137  8:43  Overlord x3  
  137  8:51  Zerg Ground Armor Level 2  
  137  8:56  Roach  
  137  8:57  Roach x6  
  137  9:01  Roach x2  
  153  9:08  Roach  
  153  9:09  Roach x3  
  159  9:12  Roach  
  159  9:15  Roach  
  159  9:16  Roach  
  165  9:19  Roach x2  
  165  9:22  Ravager  
  165  9:23  Ravager  
  171  9:24  Overseer  
  171  9:28  Roach x3  
  167  9:42  Roach x7  
  147  9:50  Roach x4  
  147  9:55  Roach x2  
  139  10:09  Roach  
  139  10:10  Roach x6  
  132  10:25  Ravager x4  
  132  10:26  Hatchery  
  132  10:27  Roach x3  
  141  10:31  Drone x2  
  135  10:43  Roach x7  
  135  10:53  Roach x4  
  125  11:05  Roach x6  
  137  11:11  Drone  
  137  11:12  Roach  
  137  11:13  Infestation Pit, Roach  
  137  11:14  Roach  
  137  11:16  Roach  
  145  11:27  Roach x4  
  145  11:30  Ravager  
  145  11:31  Ravager  
  145  11:32  Zerg Missile Weapons Level 2  
  155  11:35  Roach x2  
  155  11:37  Roach  
  153  11:49  Roach x5  
  157  11:58  Drone x3  
  160  12:04  Drone  
  160  12:05  Zerg Melee Weapons Level 1  
  160  12:06  Baneling Nest  
  160  12:12  Drone x4  
  164  12:18  Drone x2  
  166  12:23  Overlord  
  166  12:25  Drone  
  167  12:32  Zergling x24  
  179  12:47  Overlord  
  179  12:49  Centrifical Hooks  
  179  12:57  Ravager  
  180  12:58  Baneling x9  
  180  12:59  Baneling x12  
  180  13:00  Hive  
  180  13:02  Hatchery  
  180  13:03  Zergling x6  
  181  13:07  Zergling x8  
  185  13:18  Hatchery  
  185  13:24  Zergling x22  
  194  13:48  Zergling x16  
  200  13:49  Overlord  
  200  14:00  Zerg Melee Weapons Level 2  
  200  14:13  Adrenal Glands  
  200  14:14  Ultralisk Cavern  
  195  14:21  Baneling x21  
  194  14:41  Extractor  
  194  14:44  Spore Crawler  
  192  14:45  Spore Crawler  
  191  14:58  Zergling x20  
  199  15:00  Spire  
  199  15:02  Chitinous Plating  
  198  15:09  Baneling  
  198  15:10  Baneling x8  
  197  15:19  Zergling x4  
  197  15:20  Zergling x12  
  196  15:33  Viper x4  
  196  15:35  Zergling x14  
  168  15:36  Zergling x16  
  168  15:37  Queen x3  
  179  15:43  Ultralisk, Zergling x6  
  185  15:52  Zergling x14  
  186  16:01  Ultralisk, Zergling x2  
  186  16:02  Zergling x4  
  179  16:12  Ultralisk, Zergling x6  
  179  16:17  Hatchery  
  182  16:30  Ultralisk  
  186  16:35  Zergling x18  
  195  16:44  Zergling x4  
  197  16:48  Zerg Melee Weapons Level 3  
  197  16:53  Zergling x6  
  182  17:13  Ultralisk x2, Zergling x2  
  182  17:14  Zergling x20  
  153  17:44  Zergling x24  
  153  17:47  Extractor  
  153  17:51  Ultralisk, Zergling x4  
  171  17:55  Baneling  
  171  17:56  Baneling x2  
  171  18:01  Zergling x10  
  176  18:11  Ultralisk, Zergling x6  
  185  18:21  Baneling  
  185  18:22  Baneling x7  
  185  18:23  Overseer  
  185  18:26  Drone x6  
  191  18:27  Drone  
  191  18:39  Zergling x16  
  197  18:43  Baneling x6  
  147  19:05  Ultralisk x2, Zergling x10  
  153  19:11  Drone x5  
  158  19:19  Zergling x4  
  141  19:33  Zergling x8  
Show
View Real Time Build Order
Export as new Build Order

Ziggy Terran - Winner!

Build Orders:  

Get SALT Encoding   

  12  0:00  SCV  
  13  0:12  SCV  
  14  0:18  Supply Depot  
  14  0:24  SCV  
  15  0:39  SCV  
  15  0:41  Barracks  
  16  0:45  Refinery  
  16  0:51  SCV  
  17  1:00  Barracks  
  17  1:04  SCV  
  18  1:16  SCV  
  19  1:28  Reaper, Orbital Command  
  20  1:36  Barracks  
  20  1:43  Refinery  
  20  1:47  Reaper  
  21  1:55  Supply Depot  
  21  1:58  SCV  
  22  2:04  Reaper  
  23  2:16  SCV  
  23  2:19  Reaper  
  25  2:25  Reaper  
  26  2:35  SCV  
  26  2:37  Reaper  
  28  2:48  Command Center  
  28  2:51  Reaper  
  28  2:55  Supply Depot  
  29  3:00  Reaper  
  29  3:03  SCV  
  31  3:13  Reaper  
  31  3:20  Barracks  
  31  3:22  SCV  
  31  3:24  Reaper  
  33  3:32  Reaper  
  34  3:35  SCV  
  35  3:42  Barracks  
  35  3:45  Reaper  
  36  3:49  SCV  
  37  3:56  Reaper  
  37  3:59  Orbital Command  
  37  4:01  Refinery  
  38  4:04  SCV, Reaper  
  40  4:15  Reaper  
  40  4:16  SCV  
  42  4:17  Reaper  
  42  4:23  Supply Depot  
  43  4:28  SCV, Reaper  
  43  4:29  Reaper  
  46  4:35  SCV  
  46  4:38  Reaper  
  48  4:40  SCV  
  49  4:48  SCV, Reaper  
  49  4:52  Engineering Bay  
  51  4:53  Reaper  
  51  4:59  SCV  
  53  5:00  SCV, Reaper  
  53  5:02  Reaper  
  56  5:11  SCV, Reaper  
  56  5:12  Supply Depot  
  58  5:19  Terran Infantry Weapons Level 1  
  58  5:20  Reaper  
  58  5:25  Refinery  
  58  5:32  Reaper  
  59  5:38  Reaper  
  60  5:45  Reaper  
  57  5:51  SCV x2  
  57  5:55  Command Center  
  60  5:57  Reaper  
  60  5:59  Reaper  
  61  6:04  Reaper  
  61  6:06  SCV  
  61  6:10  SCV, Reaper  
  64  6:12  Supply Depot  
  64  6:17  Reaper  
  65  6:18  SCV  
  65  6:22  SCV  
  65  6:29  Reaper  
  65  6:31  Reaper  
  68  6:32  SCV  
  68  6:34  Factory  
  68  6:36  Reaper  
  69  6:45  Barracks Tech Lab  
  68  6:47  SCV  
  68  6:49  Reaper  
  69  7:01  Reaper  
  69  7:03  SCV x2  
  69  7:06  Stimpack  
  69  7:07  Orbital Command  
  71  7:13  Barracks Tech Lab x2  
  71  7:15  SCV, Barracks  
  71  7:16  Barracks  
  71  7:18  Terran Infantry Armor Level 1  
  71  7:19  Command Center, Factory Tech Lab  
  72  7:23  Barracks Reactor  
  72  7:27  SCV  
  72  7:28  SCV  
  74  7:30  Supply Depot  
  74  7:33  Marauder, Barracks Reactor  
  76  7:40  SCV x2  
  76  7:44  Siege Tank  
  79  7:52  Marauder x2  
  79  7:54  SCV x2  
  84  8:01  Orbital Command  
  84  8:03  Marine x2  
  84  8:04  Barracks Reactor  
  86  8:06  SCV x2  
  86  8:09  Starport  
  86  8:12  Marine  
  89  8:16  Siege Tank, Marine  
  89  8:18  SCV x2  
  89  8:19  Barracks Reactor  
  95  8:26  SCV  
  96  8:30  SCV x2  
  98  8:38  SCV  
  98  8:42  SCV  
  98  8:47  Armory  
  99  8:48  Engineering Bay  
  99  8:51  Marine x2  
  99  8:52  Marauder  
  99  8:53  SCV  
  99  8:54  SCV  
  99  8:55  Marine  
  106  8:56  Marauder, Medivac x2  
  106  8:57  Siege Tank  
  106  8:58  Barracks Tech Lab  
  113  9:06  Marine  
  113  9:07  Marauder, Marine  
  113  9:08  SCV x2  
  116  9:10  Supply Depot  
  116  9:13  Supply Depot  
  116  9:14  SCV  
  117  9:23  Marine x3  
  117  9:24  Marauder  
  122  9:26  Combat Shield  
  122  9:27  Concussive Shells  
  122  9:30  Marine x2  
  124  9:32  Marauder, Medivac x2, Marine  
  125  9:43  Marine  
  125  9:44  Marauder  
  114  9:47  Marauder, Marine x2  
  114  9:49  Marine  
  114  9:50  Marauder  
  114  9:51  Marine x2  
  113  9:54  Marauder  
  103  10:02  SCV x2, Medivac  
  103  10:05  SCV, Marauder  
  103  10:08  Marine x2  
  103  10:09  Marauder  
  103  10:14  SCV x2  
  95  10:17  SCV  
  95  10:18  Marauder, Marine x2  
  101  10:21  Marine  
  101  10:26  SCV  
  104  10:29  Medivac  
  104  10:30  Marine  
  104  10:34  SCV  
  107  10:36  SCV  
  104  10:44  Siege Tank  
  104  10:49  SCV x2  
  102  10:52  Marine  
  102  10:53  Marauder  
  102  10:57  SCV  
  90  11:01  SCV  
  85  11:04  SCV  
  85  11:05  Marine x2  
  85  11:06  Marauder x2, Marine x3  
  85  11:09  SCV  
  85  11:10  Marine  
  94  11:13  SCV  
  94  11:14  Marauder  
  94  11:16  Siege Tank  
  94  11:17  SCV  
  94  11:18  Marine  
  102  11:20  Terran Infantry Weapons Level 2  
  102  11:21  SCV  
  102  11:22  Terran Infantry Armor Level 2  
  102  11:23  Marine  
  104  11:25  SCV  
  104  11:29  SCV, Refinery  
  106  11:33  Marine x2  
  106  11:34  Refinery  
  106  11:36  SCV  
  106  11:37  SCV  
  106  11:38  Marine  
  106  11:48  Siege Tank  
  106  11:55  SCV x2  
  106  11:57  Marine x3  
  106  11:58  Marauder x3, Marine x2  
  106  12:00  Medivac x2  
  123  12:06  SCV  
  123  12:07  SCV  
  125  12:12  Marine x2  
  125  12:15  Marine  
  128  12:17  SCV  
  128  12:18  SCV, Ghost Academy  
  128  12:19  Marauder  
  128  12:22  Marine x4  
  138  12:23  Marauder  
  138  12:29  Siege Tank  
  141  12:32  Marine  
  141  12:33  Marauder, Marine  
  145  12:37  Supply Depot  
  145  12:38  Supply Depot  
  145  12:40  SCV x2  
  145  12:43  Marine  
  148  12:49  Supply Depot  
  148  12:50  Marine x2, Supply Depot  
  148  12:51  Marauder  
  152  12:52  Marine x3  
  155  13:01  Siege Tank  
  155  13:02  Marine x2  
  155  13:03  Marauder  
  162  13:08  Medivac x2  
  166  13:22  Marauder, Marine x3  
  166  13:23  Marauder  
  173  13:32  Factory  
  173  13:33  Factory  
  168  13:35  Marine x3  
  168  13:36  Marauder, Siege Tank  
  170  13:45  SCV x2  
  170  13:46  Planetary Fortress  
  170  13:47  Marine  
  170  13:48  Marine  
  171  14:03  Refinery  
  171  14:06  Medivac x2  
  171  14:07  Marine  
  171  14:08  Marauder, Marine x3  
  178  14:12  Marine  
  178  14:13  Marauder, Marine x3  
  178  14:16  Factory Tech Lab x2  
  180  14:21  Refinery  
  180  14:25  Terran Infantry Weapons Level 3  
  180  14:38  Marine x3  
  175  14:39  Marauder, Terran Infantry Armor Level 3  
  175  14:40  Terran Vehicle Weapons Level 1  
  180  14:46  Siege Tank  
  180  14:49  Supply Depot  
  180  14:51  Supply Depot  
  183  14:57  Siege Tank x2  
  188  15:07  Sensor Tower, Command Center  
  188  15:10  Ghost  
  190  15:16  Supply Depot x2  
  190  15:20  Siege Tank  
  187  15:22  Ghost  
  189  15:32  Liberator x2  
  186  15:39  Marine x2  
  186  15:40  Marauder  
  186  15:41  Thor  
  186  16:00  Ghost x2  
  188  16:08  Ghost  
  188  16:10  Marauder, Marine x2  
  183  16:18  Liberator x2  
  181  16:28  Ghost x2  
  185  16:34  Ghost  
  185  16:37  Ghost  
  195  16:57  Ghost  
  195  16:59  Planetary Fortress  
  197  17:08  Marauder, Starport, Marine  
  166  17:11  Marauder x2, Marine x5  
  166  17:12  Siege Tank  
  162  17:17  Refinery  
  143  17:26  Marauder  
  143  17:27  Marine  
  118  17:30  Marauder, Marine x4  
  118  17:33  Marauder x2  
  118  17:36  Marine  
  121  17:42  SCV x4  
  124  17:45  Marine  
  124  17:47  Marine  
  124  17:48  Marauder, Marine  
  131  17:51  Marauder  
  131  17:52  Marine  
  131  17:54  SCV x3, Marauder x2  
  131  17:55  Marine  
  140  18:00  Liberator x2, Marine  
  140  18:03  Marine  
  142  18:08  Siege Tank x2  
  142  18:09  Marauder, Siege Tank  
  159  18:21  Ghost  
  161  18:33  Command Center  
  161  18:41  Ghost  
  162  18:49  Marine x3  
  162  18:50  Marauder x3, Marine  
  162  18:51  Command Center  
  160  19:05  Marine  
  160  19:10  Marauder  
  160  19:14  Marine  
  160  19:15  Marauder x2, Marine x3  
  170  19:18  Command Center  
  143  19:31  Marine x2  
Tags
 
Add a new tag
Caveats
  • Supply blocks, unpowered buildings, or Contaminate may cause inaccurate times.
  • Supply counts are checked every 10 seconds.